 Dungeon Crawl Stone Soup version 0.19.5 (webtiles) character file.

2762 Gargoyl the Chopper (level 9, -5/75 HPs)
             Began as a Ghoul Abyssal Knight on May 1, 2017.
             Was an Elder of Lugonu.
             Killed from afar by Erica (12 damage)
             ... with an orb of energy
             ... on level 8 of the Dungeon.
             The game lasted 00:17:33 (8528 turns).

Gargoyl the Chopper (Ghoul Abyssal Knight)          Turns: 8528, Time: 00:17:34

Health: -5/75      AC: 14    Str: 13 (16) XL:     9   Next: 69%
Magic:  12/12      EV:  2    Int:  5 (7)  God:    Lugonu [****..]
Gold:   481        SH: 16    Dex:  9 (11) Spells: 0 memorised, 8 levels left

rFire  + + .     SeeInvis .     q - +0 war axe
rCold  + . .     Gourm    .     o - +0 chain mail
rNeg   + + +     Faith    .     k - +3 large shield
rPois  ∞         Spirit   .     d - +0 helmet
rElec  +         Reflect  .     g - +0 cloak
rCorr  +         Harm     .     y - +1 pair of gloves
MR     .....                    (no boots)
Stlth  ..........               (no amulet)
                                r - ring of fire
                                s - +5 ring of slaying

@: resistant, rotting
A: rotting body, claws 1, carnivore 3, cold resistance 1, negative energy
resistance 3, slow regeneration 1, torment resistance, unbreathing
a: Depart the Abyss, Bend Space, Banish, Corrupt, Renounce Religion


You were on level 8 of the Dungeon.
You worshipped Lugonu.
Lugonu was greatly pleased with you.
You were not hungry.

You visited 1 branch of the dungeon, and saw 8 of its levels.
You visited the Abyss 1 time.

You collected 481 gold pieces.

Inventory:

Hand Weapons
 a - a +1 hand axe
 q - a +0 war axe (weapon)
Missiles
 l - 4 javelins (quivered)
Armour
 d - a +0 helmet (worn)
 g - a +0 cloak (worn)
 k - a +3 large shield (worn)
 o - a +0 chain mail (worn)
 y - a +1 pair of gloves (worn)
Jewellery
 e - an uncursed ring of flight
 r - a ring of fire (right hand)
 s - a +5 ring of slaying (left hand)
Wands
 h - a wand of slowing (10/48)
Scrolls
 j - 5 scrolls of identify
 n - 5 scrolls of remove curse
 v - 3 scrolls of teleportation
Potions
 b - a potion of cure mutation
 i - 3 potions of brilliance
 p - 2 potions of flight
 u - a potion of agility
 C - a potion of might
Books
 D - a book of Battle

   Spells                             Type                      Level
   a - Infusion                       Charms                       1
   b - Shroud of Golubria             Charms/Translocation         2
   c - Song of Slaying                Charms                       2
   d - Spectral Weapon                Hexes/Charms                 3
   e - Regeneration                   Charms/Necromancy            3
Comestibles
 c - 6 meat rations
 f - a royal jelly
 m - 2 beef jerkies
 t - 14 chunks of flesh
 z - 2 slices of pizza


   Skills:
 + Level 5.9 Fighting
 + Level 6.6 Axes
 + Level 0.3 Throwing
 * Level 5.2 Armour
 + Level 2.2 Dodging
 + Level 4.7 Shields
 * Level 6.4 Invocations


You had 8 spell levels left.
You didn't know any spells.

Dungeon Overview and Level Annotations

Branches:
Dungeon (8/15)             Temple (0/1) D:7
   Lair: D:8-11

Altars:
Dithmenos
Elyvilon
Fedhas
Gozag
Makhleb
Ru
Sif Muna
Uskayaw
Vehumet
Yredelemnul
Zin

Shops:
D:4 (   D:5 *

Annotations:
D:8 Erica


Innate Abilities, Weirdness & Mutations

Your body is rotting away.
You thrive on raw meat.
You are immune to poison.
You have sharp fingernails.
You are carnivorous and can eat meat at any time.
Your flesh is cold resistant. (rC+)
You are immune to negative energy. (rN+++)
You regenerate slowly when monsters are visible.
You are immune to unholy pain and torment.
You can survive without breathing.


Message History

You hear some strange, mumbled words.
Something tries to affect you, but you resist.
Your shield and chain mail prevent you from hitting something.
Something hits you but does no damage.
You slash something! You block something's attack.
You miss something.
You hear some strange, mumbled words.
An orb of energy appears from out of thin air!
The orb of energy hits you!
* * * LOW HITPOINT WARNING * * *
The orb of energy explodes!
You hit something. You block something's attack.
You miss something. Something hits you.
* * * LOW HITPOINT WARNING * * *
You miss something. Something completely misses you.
You miss something.
You hear some strange, mumbled words.
An orb of energy appears from out of thin air!
The orb of energy hits you!
You die...

#......##
########<.........##..
##......#
##....####+###>........
#.[....# #......#
#.....###. #.[....#
#......# ####### #.
#......# #......# #.
######.####......# ##
....[............#
######.####...##.#
#...........#@#
#.#.####....#{#
#.#.........#.#
#.#.####....#.#
#.#.........#.#
#.#.#####.###.#
####.#.# .. ..#
.....#.# ######
######.#


There were no monsters in sight!

Vanquished Creatures
  A hippogriff (D:8)
  Sigmund (D:2)
  A water moccasin (D:7)
  An orc warrior (D:6)
  A sky beast (D:6)
  2 ogres
  A necrophage (D:7)
  2 centaurs
  A crocodile (D:8)
  5 bullfrogs
  A scorpion (D:8)
  A wight (D:7)
  2 howler monkeys
  The ghost of letownia the Insei, a weakling OpTm (D:4)
  2 orc priests
  5 hounds
  A bullfrog skeleton (D:5)
  Crazy Yiuf (D:6)
  A gnoll shaman (D:5)
  Natasha (thrice) (D:4)
  Terence (D:3)
  An iguana (D:8)
  5 worker ants
  2 orc wizards
  A statue (D:6)
  A hound skeleton (D:4)
  A worker ant zombie (D:7)
  18 gnolls
  12 adders
  2 oozes
  2 adder zombies
  7 worms
  3 dart slugs
  3 leopard geckos
  19 orcs
  19 giant cockroaches
  15 goblins
  12 hobgoblins
  5 jackals
  14 kobolds
  2 quokkas
  8 bats
  5 frilled lizards
  A leopard gecko zombie (D:7)
  7 rats
200 creatures vanquished.

Notes
Turn   | Place    | Note
-------+----------+-------------------------------------------
     0 | Abyss:1  | Gargoyl the Ghoul Abyssal Knight began the quest for the Orb.
     0 | Abyss:1  | Reached XP level 1. HP: 19/19 MP: 1/1
    71 | D:1      | Escaped the Abyss
   161 | D:1      | Reached XP level 2. HP: 26/26 MP: 2/2
   182 | D:1      | Reached * piety under Lugonu
   225 | D:1      | You fall through a shaft!
   270 | D:2      | Noticed Sigmund
   667 | D:1      | Reached XP level 3. HP: 33/33 MP: 3/3
   743 | D:1      | Reached skill level 1 in Dodging
  1429 | D:2      | Reached XP level 4. HP: 23/40 MP: 4/4
  2885 | D:3      | Noticed Terence
  2904 | D:3      | Killed Terence
  2930 | D:3      | Found a blossoming altar of Fedhas.
  2944 | D:3      | Reached XP level 5. HP: 46/46 MP: 6/6
  3477 | D:3      | Found a shadowy altar of Dithmenos.
  3530 | D:3      | Reached ** piety under Lugonu
  3889 | D:4      | Reached skill level 1 in Shields
  3904 | D:4      | Found a deep blue altar of Sif Muna.
  3934 | D:4      | Noticed Natasha
  3943 | D:4      | Killed Natasha
  3943 | D:4      | Reached XP level 6. HP: 31/52 MP: 7/7
  4029 | D:4      | Noticed letownia's ghost (weakling OpTm)
  4063 | D:4      | Killed letownia's ghost
  4192 | D:4      | Noticed Natasha
  4220 | D:4      | Killed Natasha
  4719 | D:2      | Killed Sigmund
  4719 | D:2      | Reached XP level 7. HP: 10/60 MP: 7/9
  5819 | D:4      | Found Wuud's Antique Weapon Boutique.
  5854 | D:4      | Noticed Natasha
  5868 | D:4      | Killed Natasha
  5869 | D:4      | Found an opulent altar of Gozag.
  5909 | D:4      | Reached *** piety under Lugonu
  6003 | D:5      | Entered Level 5 of the Dungeon
  6009 | D:5      | Found a white marble altar of Elyvilon.
  6066 | D:5      | Reached XP level 8. HP: 52/67 MP: 10/10
  6163 | D:5      | Found a basalt altar of Yredelemnul.
  6290 | D:5      | Found a sacrificial altar of Ru.
  6290 | D:5      | Found a hide-covered altar of Uskayaw.
  6500 | D:5      | Found Qogeh's General Store.
  6626 | D:5      | Found a burning altar of Makhleb.
  7007 | D:6      | Found a glowing silver altar of Zin.
  7007 | D:6      | Noticed an angel
  7040 | D:6      | Reached skill level 5 in Fighting
  7047 | D:6      | Reached skill level 5 in Invocations
  7104 | D:6      | Reached skill level 5 in Axes
  7238 | D:6      | Found a radiant altar of Vehumet.
  7282 | D:6      | Found a runed door.
  7286 | D:6      | Noticed Crazy Yiuf
  7291 | D:6      | Killed Crazy Yiuf
  7544 | D:7      | Found a staircase to the Ecumenical Temple.
  7582 | D:7      | Reached XP level 9. HP: 59/74 MP: 12/12
  7585 | D:7      | Reached **** piety under Lugonu
  7664 | D:7      | Found a white marble altar of Elyvilon.
  7713 | D:7      | Reached skill level 5 in Armour
  8490 | D:8      | Noticed Erica
  8528 | D:8      | Killed from afar by Erica

Skill      XL: |  1  2  3  4  5  6  7  8  9 |
---------------+----------------------------+-----
Armour         | 2 3 4 5 |  5.2
Axes           | 2 3 4 5 6 |  6.6
Dodging        | 1 2 |  2.2
Fighting       | 4 5 |  5.9
Shields        | 1 2 3 4 |  4.7
Invocations    | 3 4 5 6 |  6.4
Throwing       | |  0.3

Action                   |  1- 3 |  4- 6 |  7- 9 || total
-------------------------+-------+-------+-------++-------
Melee: Hand axe          |   123 |   325 |       ||   448
       War axe           |       |    68 |   503 ||   571
Throw: Javelin           |       |       |     3 ||     3
Invok: Depart the Abyss  |     1 |       |       ||     1
  Use: Scroll            |     2 |     3 |     3 ||     8
       Potion            |       |     7 |     7 ||    14
  Eat: Chunk             |    14 |    25 |    60 ||    99
Armor: Leather armour    |    72 |    22 |       ||    94
       Chain mail        |       |   198 |   247 ||   445
Dodge: Dodged            |    64 |    50 |    45 ||   159
Block: Large shield      |       |   221 |   463 ||   684
